[Event "Titled Tuesday Blitz December 06 Late 2022"]
[White "Adewumi, Tanitoluwa"]
[Black "Szyszylo, Rafal"]
[WhiteFideId "30966396"]
[BlackFideId "1109626"]
[WhiteElo "2522"]
[BlackElo "1981"]
[Result "1-0"]
[Round "04"]
[TimeControl "180+1"]
[Date "2022.12.07"]
[WhiteClock "0:00:04"]
[BlackClock "0:00:03"]

1. e4 d6 2. d4 Nf6 3. Nc3 g6 4. Nf3 Bg7 5. Bd3 Bg4 6. Be3 Nc6 7. d5 Ne5 8. Be2 Nxf3+ 9. Bxf3 Bxf3 10. Qxf3 c6 11. O-O O-O 12. Rad1 Qc7 13. Rfe1 a6 14. Bf4 Nd7 15. Qe2 Rac8 16. h3 Rfe8 17. dxc6 bxc6 18. Qxa6 Bxc3 19. bxc3 Ra8 20. Qc4 Nb6 21. Qb3 Reb8 22. Bg3 Nd5 23. Qc4 Nb6 24. Qd4 Ra4 25. Qe3 Nc4 26. Qh6 Rxa2 27. e5 dxe5 28. Rd4 Ra4 29. Rh4 e6 30. Qxh7+ Kf8 31. Qh8+ Ke7 32. Qh6 Rb5 33. Qg7 Rd5 34. Rh8 Kd6 35. Qf8+ Qe7 36. Qb8+ Qc7 37. Rd8+ Kc5 38. Rxd5+ exd5 39. Qxc7 e4 40. f3 f5 41. Bf2+ Kb5 42. Rb1+ Ka6 43. Qa7# 1-0


[Site "https://www.chess.com"]

[Event "Titled Tuesday Blitz December 06 Late 2022"]
[White "Adla, Diego"]
[Black "Gatterer, Florian"]
[WhiteFideId "100072"]
[BlackFideId "811688"]
[WhiteElo "2377"]
[BlackElo "2218"]
[Result "1-0"]
[Round "04"]
[TimeControl "180+1"]
[Date "2022.12.07"]
[WhiteClock "0:01:57"]
[BlackClock "0:00:11"]

1. Nf3 d5 2. c4 c6 3. cxd5 cxd5 4. d4 Nf6 5. Nc3 Nc6 6. Bf4 Bf5 7. Qb3 Na5 8. Qa4+ Bd7 9. Qc2 e6 10. e3 Nh5 11. Be5 f6 12. Bg3 Nxg3 13. hxg3 g6 14. Bd3 f5 15. Ne5 Bg7 16. Nxd7 Qxd7 17. Bb5 Nc6 18. Na4 Rc8 19. Nc5 Qf7 20. Qa4 O-O 21. Rc1 e5 22. dxe5 Bxe5 23. Nd3 Qf6 24. Bxc6 Rxc6 25. Rxc6 bxc6 26. Nxe5 Qxe5 27. Qxc6 Qxb2 28. O-O Qxa2 29. Qe6+ Kg7 30. Rc1 Qb2 31. Rc7+ Kh6 32. Qe7 Rh8 33. Qh4# 1-0


[Site "https://www.chess.com"]

[Event "Titled Tuesday Blitz December 06 Late 2022"]
[White "Aggelis, Nikolaos"]
[Black "Shapiro, Daniel"]
[WhiteFideId "4213220"]
[BlackFideId "2001780"]
[WhiteElo "2189"]
[BlackElo "2308"]
[Result "0-1"]
[Round "04"]
[TimeControl "180+1"]
[Date "2022.12.07"]
[WhiteClock "0:00:01"]
[BlackClock "0:00:09"]

1. Nf3 Nf6 2. d4 b6 3. Nc3 Bb7 4. e4 Nxe4 5. Nxe4 Bxe4 6. Bd3 Bxd3 7. Qxd3 g6 8. O-O Bg7 9. Re1 O-O 10. Bg5 f6 11. Bh4 e6 12. d5 g5 13. dxe6 dxe6 14. Qxd8 Rxd8 15. Bg3 e5 16. Rad1 Nd7 17. Nd2 Nf8 18. h4 h6 19. Nc4 Ne6 20. c3 Rxd1 21. Rxd1 Rd8 22. Rxd8+ Nxd8 23. Ne3 Ne6 24. f3 Bf8 25. Nd5 Kf7 26. Kf1 Bc5 27. b4 Bf8 28. Bf2 c6 29. Ne3 Nf4 30. g4 Nd5 31. Nxd5 cxd5 32. Ke2 Ke6 33. h5 d4 34. cxd4 Bxb4 35. dxe5 fxe5 36. Kd3 Bc5 37. Be1 Kd5 38. Bd2 a5 39. Bc1 b5 40. Bd2 b4 41. Bc1 a4 42. Bd2 b3 43. axb3 a3 44. Kc2 Bd4 45. Kb1 e4 46. fxe4+ Kxe4 47. b4 Kf3 48. b5 Kxg4 49. Ka2 Kxh5 50. Kxa3 Kg4 0-1


[Site "https://www.chess.com"]

[Event "Titled Tuesday Blitz December 06 Late 2022"]
[White "Aghasiyev, Kamal"]
[Black "Miszler, Levente"]
[WhiteFideId "13402854"]
[BlackFideId "763276"]
[WhiteElo "2341"]
[BlackElo "2176"]
[Result "1-0"]
[Round "04"]
[TimeControl "180+1"]
[Date "2022.12.07"]
[WhiteClock "0:01:25"]
[BlackClock "0:00:23"]

1. d4 d5 2. c4 c6 3. Nf3 Nf6 4. Nc3 g6 5. e3 Bg7 6. h3 O-O 7. Bd3 Re8 8. O-O Nbd7 9. cxd5 cxd5 10. a4 a6 11. a5 e5 12. dxe5 Nxe5 13. Nxe5 Rxe5 14. Ne2 Ne4 15. Bxe4 Rxe4 16. Bd2 Bxb2 17. Rb1 Bf6 18. Bc3 Be6 19. Rxb7 Rc4 20. Bxf6 Qxf6 21. Nd4 Re8 22. Rb6 Qg5 23. Qf3 Bc8 24. Rd6 Rc5 25. Nc6 Bb7 26. Nd4 Rxa5 27. Rc1 Bc8 28. Rb6 Ra4 29. Rb8 Rxd4 30. Rcxc8 Rxc8 31. Rxc8+ Kg7 32. exd4 Qc1+ 33. Rxc1 1-0


[Site "https://www.chess.com"]

[Event "Titled Tuesday Blitz December 06 Late 2022"]
[White "Aguilar, Juan"]
[Black "Van Foreest, Lucas"]
[WhiteFideId "3800091"]
[BlackFideId "1039792"]
[WhiteElo "2544"]
[BlackElo "2695"]
[Result "0-1"]
[Round "04"]
[TimeControl "180+1"]
[Date "2022.12.07"]
[WhiteClock "0:00:22"]
[BlackClock "0:01:56"]

1. d4 g5 2. e4 Bg7 3. c3 d5 4. e5 h6 5. h4 g4 6. Bd3 c5 7. Ne2 Nc6 8. Nf4 h5 9. e6 Bxe6 10. Nxe6 fxe6 11. Bg6+ Kd7 12. dxc5 Nf6 13. Be3 Qc7 14. b4 a6 15. Nd2 Bh6 16. Qe2 Qe5 17. Rc1 Bxe3 18. Qxe3 Qxe3+ 19. fxe3 Ne5 20. Bc2 Kc6 21. Ba4+ b5 22. cxb6+ Kxb6 23. Ke2 Rac8 24. Nb3 Ne4 25. Nc5 Nxc5 26. bxc5+ Kxc5 27. Rhf1 Rhf8 28. Rb1 Rb8 29. Rxf8 Rxb1 30. Rc8+ Kd6 31. Ra8 Rb2+ 32. Kf1 Nc4 33. Rxa6+ Ke5 34. Bd7 Nxe3+ 35. Ke1 Nxg2+ 36. Kd1 Nf4 0-1


[Site "https://www.chess.com"]

[Event "Titled Tuesday Blitz December 06 Late 2022"]
[White "Al-Tarboush, Ward"]
[Black "Pham, Le Thao Nguyen"]
[WhiteFideId "7601450"]
[BlackFideId "12401226"]
[WhiteElo "2263"]
[BlackElo "2282"]
[Result "0-1"]
[Round "04"]
[TimeControl "180+1"]
[Date "2022.12.07"]
[WhiteClock "0:01:25"]
[BlackClock "0:01:11"]

1. e4 Nc6 2. Nf3 g6 3. d4 Bg7 4. d5 Ne5 5. Nxe5 Bxe5 6. f4 Bg7 7. c4 c6 8. Nc3 cxd5 9. cxd5 d6 10. Bb5+ Bd7 11. Qa4 Bxb5 12. Qxb5+ Qd7 13. Qxd7+ Kxd7 14. Be3 Nf6 15. h3 Nh5 16. g4 Bxc3+ 17. bxc3 Ng3 18. Rg1 Nxe4 19. Bd4 Rhc8 20. Rc1 Rc4 21. Ke2 Rac8 22. Kd3 Nf6 23. Bxf6 exf6 24. Rg2 Rxf4 25. Rb2 b6 26. Re2 Rf3+ 27. Kd2 Re8 28. Rxe8 Kxe8 29. h4 Rg3 30. Re1+ Kd7 31. Re4 Rh3 32. h5 Rh2+ 33. Kd3 Rxa2 34. Rf4 Rg2 35. Rxf6 Ke7 36. Rf4 a5 37. Kc4 Rb2 38. h6 b5+ 39. Kd3 a4 40. g5 a3 41. Re4+ Kd7 42. Rf4 Ke7 43. Re4+ Kd7 44. Rf4 Ke8 45. Re4+ Kf8 46. Re1 Rb3 47. Kc2 Rb2+ 48. Kd3 Rg2 49. Ra1 a2 50. c4 b4 51. c5 dxc5 52. Kc4 Ke7 53. Kxc5 b3 54. Re1+ Kd7 55. Rf1 b2 56. Rxf7+ Ke8 57. Ra7 a1=Q 0-1


[Site "https://www.chess.com"]

[Event "Titled Tuesday Blitz December 06 Late 2022"]
[White "Aldokhin, Ivan"]
[Black "Rose, Felix"]
[WhiteFideId "24115720"]
[BlackFideId "5105722"]
[WhiteElo "2313"]
[BlackElo "2039"]
[Result "0-1"]
[Round "04"]
[TimeControl "180+1"]
[Date "2022.12.07"]
[WhiteClock "0:00:03"]
[BlackClock "0:00:12"]

1. e4 c5 2. Nf3 e6 3. d4 cxd4 4. Nxd4 a6 5. Nc3 b5 6. Bd3 Bb7 7. O-O Nc6 8. Nxc6 Bxc6 9. Re1 Qb8 10. a4 Bd6 11. h3 b4 12. Nd5 Ne7 13. Nxe7 Bxe7 14. Qg4 Bf6 15. f4 h5 16. Qg3 h4 17. Qg4 Bd4+ 18. Kh1 Qb7 19. Be3 Bxb2 20. e5 Bxa1 21. Rxa1 O-O-O 22. Qe2 Kb8 23. Bxa6 Bxg2+ 24. Kg1 Bf3 25. Qc4 Qe4 26. Qb5+ Ka8 27. Qc5 Qxe3+ 28. Qxe3 Bc6 29. Bb5 Bd5 30. Qb6 Rc8 31. Qa5+ Kb8 32. Rd1 Rxc2 33. Rxd5 exd5 34. Qxb4 Kc7 35. Qa5+ Kb7 36. Qa6+ Kb8 37. Qb6+ Ka8 38. Bxd7 Rh6 39. Qa5+ Kb7 40. Qb4+ Kc7 41. Bb5 Rg6+ 42. Kf1 Rg3 43. Qd6+ Kb7 44. Qxd5+ Kb6 45. Qd6+ Ka5 46. Bd3 Rf3+ 47. Ke1 Rc3 48. Qd8+ Kb4 49. Qd4+ Kb3 50. Be2 Rfe3 51. Qb6+ Kc2 52. Qb5 Rxh3 53. a5 Rh1+ 54. Kf2 Rh2+ 0-1


[Site "https://www.chess.com"]

[Event "Titled Tuesday Blitz December 06 Late 2022"]
[White "Alex_Sahakyan2006"]
[Black "Kamsky, Gata"]
[BlackFideId "2000024"]
[WhiteElo "2688"]
[BlackElo "2666"]
[Result "0-1"]
[Round "04"]
[TimeControl "180+1"]
[Date "2022.12.06"]
[WhiteClock "0:00:36"]
[BlackClock "0:01:44"]

1. e4 g6 2. Nc3 Bg7 3. d4 d6 4. g3 e5 5. dxe5 dxe5 6. Qxd8+ Kxd8 7. Bg5+ f6 8. O-O-O+ Nd7 9. Be3 c6 10. Bc5 Nh6 11. Bc4 Bf8 12. Bxf8 Rxf8 13. f3 Ke7 14. h4 b5 15. Bf1 a5 16. h5 g5 17. Nge2 Nc5 18. g4 Be6 19. b3 b4 20. Nb1 a4 21. Ng3 axb3 22. axb3 Nf7 23. Nf5+ Bxf5 24. gxf5 h6 25. Be2 Nd6 26. Nd2 Ra2 27. Nb1 Nxb3+ 28. cxb3 Rxe2 29. Nd2 Ra8 30. Kc2 Nb5 31. Kd3 Nc3 32. Rhe1 Rd8+ 33. Kc2 Rdxd2+ 34. Rxd2 Rxe1 35. Kd3 Rc1 0-1


[Site "https://www.chess.com"]

[Event "Titled Tuesday Blitz December 06 Late 2022"]
[White "Ambartsumova, Karina"]
[Black "Yoo, Christopher Woojin"]
[WhiteFideId "4166299"]
[BlackFideId "30909694"]
[WhiteElo "2319"]
[BlackElo "2463"]
[Result "0-1"]
[Round "04"]
[TimeControl "180+1"]
[Date "2022.12.06"]
[WhiteClock "0:00:47"]
[BlackClock "0:01:44"]

1. Nf3 d5 2. d4 Nf6 3. c4 e6 4. Nc3 Bb4 5. Qa4+ Nc6 6. e3 O-O 7. Bd2 Re8 8. Qc2 Bf8 9. h3 a6 10. a3 h6 11. cxd5 exd5 12. Bd3 Bd6 13. O-O Be6 14. b4 Qc8 15. Be2 Bxh3 16. gxh3 Qxh3 17. Ne5 Nxe5 18. dxe5 Rxe5 19. f4 Rg5+ 20. fxg5 Qh2# 0-1


[Site "https://www.chess.com"]

[Event "Titled Tuesday Blitz December 06 Late 2022"]
[White "Andreikin, Dmitry"]
[Black "Dardha, Daniel"]
[WhiteFideId "4158814"]
[BlackFideId "240990"]
[WhiteElo "2735"]
[BlackElo "2528"]
[Result "1-0"]
[Round "04"]
[TimeControl "180+1"]
[Date "2022.12.06"]
[WhiteClock "0:01:53"]
[BlackClock "0:01:30"]

1. d4 d5 2. c4 e6 3. Nf3 Nf6 4. g3 Bb4+ 5. Nbd2 O-O 6. Bg2 dxc4 7. Qc2 b5 8. a4 bxa4 9. O-O Bb7 10. Nxc4 a5 11. Rd1 Nbd7 12. Bg5 h6 13. Bxf6 Qxf6 14. Nfe5 Bxg2 15. Nxd7 Qe7 16. Nxf8 1-0


[Site "https://www.chess.com"]

[Event "Titled Tuesday Blitz December 06 Late 2022"]
[White "Antonio, Jorge Carlos"]
[Black "Forgacs, Attila Jr."]
[WhiteFideId "113190"]
[BlackFideId "773654"]
[WhiteElo "2247"]
[BlackElo "2168"]
[Result "1-0"]
[Round "04"]
[TimeControl "180+1"]
[Date "2022.12.07"]
[WhiteClock "0:01:35"]
[BlackClock "0:01:20"]

1. e4 e5 2. f4 exf4 3. Nf3 g5 4. d4 Bg7 5. Nc3 h6 6. g3 g4 7. Nh4 f3 8. Nf5 Bf6 9. Kf2 d5 10. Ne3 dxe4 11. Nxe4 Nc6 12. c3 h5 13. h3 h4 14. hxg4 hxg3+ 15. Nxg3 Rxh1 16. Nxh1 Bh4+ 17. Ng3 Nf6 18. Bb5 Ne4+ 19. Kxf3 Nxg3 20. Kg2 a6 21. Bc4 b5 22. Bd5 Bb7 23. Qf3 Rb8 24. Qxf7# 1-0


[Site "https://www.chess.com"]

[Event "Titled Tuesday Blitz December 06 Late 2022"]
[White "Arnold, Ken"]
[Black "Kim, Sergey"]
[WhiteFideId "2056836"]
[BlackFideId "13700570"]
[WhiteElo "2409"]
[BlackElo "2606"]
[Result "1-0"]
[Round "04"]
[TimeControl "180+1"]
[Date "2022.12.07"]
[WhiteClock "0:00:15"]
[BlackClock "0:00:10"]

1. d4 Nf6 2. Nf3 g6 3. Bf4 Bg7 4. e3 d6 5. c3 O-O 6. Be2 Nbd7 7. h3 b6 8. Nbd2 Bb7 9. O-O Ne4 10. Nxe4 Bxe4 11. Nd2 Bb7 12. Bf3 Qc8 13. a4 a5 14. Re1 e5 15. Bh2 Re8 16. dxe5 Nxe5 17. Bxb7 Qxb7 18. Nf3 Rad8 19. Nd4 f5 20. Qc2 Kh8 21. Rad1 h6 22. Re2 Kh7 23. Rde1 Qe4 24. Qb3 Nd3 25. Rd1 Nc5 26. Qa2 Re7 27. f3 Qb7 28. Kf1 Rde8 29. Bg1 Ne6 30. Rde1 Qa6 31. Nb5 Nc5 32. Qc4 Qb7 33. Bf2 d5 34. Qa2 Nd3 35. Rd1 Nxf2 36. Kxf2 f4 37. Rxd5 fxe3+ 38. Kf1 Qc6 39. Nd4 Qf6 40. Qb1 Qf4 41. Kg1 Be5 42. Rxe5 Rxe5 43. Qd3 c5 44. Nb5 R5e6 45. Qd7+ R8e7 46. Qd3 c4 47. Qd4 Qxd4 48. cxd4 Rd7 49. g3 Rd5 50. f4 g5 51. fxg5 hxg5 52. Kg2 Kg6 53. Kf3 Rf5+ 54. Kg2 g4 55. hxg4 Rd5 56. Nc7 Red6 57. Nxd5 Rxd5 58. Rxe3 Rxd4 59. Kf3 Rd6 60. Re4 Rd3+ 61. Kf4 Rb3 62. Rxc4 Rxb2 63. Re4 Rb4 64. Ke5 Rb3 65. Kd5 Kg5 66. Kc6 Rb2 67. Re5+ Kxg4 68. Rb5 Rc2+ 69. Kxb6 Rc4 70. Kxa5 Rc3 71. Rb4+ Kxg3 72. Kb5 Kf3 73. a5 Ra3 74. a6 Ke3 75. Ra4 Kd3 76. Rxa3+ 1-0


[Site "https://www.chess.com"]

[Event "Titled Tuesday Blitz December 06 Late 2022"]
[White "Averjanov, Alexey"]
[Black "Mazurkiewicz, Michal"]
[WhiteFideId "14109867"]
[BlackFideId "1124943"]
[WhiteElo "2668"]
[BlackElo "2440"]
[Result "1/2-1/2"]
[Round "04"]
[TimeControl "180+1"]
[Date "2022.12.07"]
[WhiteClock "0:00:19"]
[BlackClock "0:00:06"]

1. d4 Nf6 2. c4 e5 3. dxe5 Ng4 4. Nf3 Bc5 5. e3 Nc6 6. b3 O-O 7. Bb2 Re8 8. Be2 a5 9. Nbd2 Ncxe5 10. Nxe5 Nxe5 11. Nf3 Bb4+ 12. Nd2 Ra6 13. a3 Bc5 14. Nf3 Nxf3+ 15. Bxf3 Rg6 16. Bd4 Qe7 17. Bxc5 Qxc5 18. Qd5 Qb6 19. Qb5 Qf6 20. Rc1 Re5 21. c5 b6 22. b4 axb4 23. axb4 h5 24. Qe2 h4 25. h3 bxc5 26. bxc5 Ba6 27. Qd2 Bb5 28. Qd4 Rgg5 29. Qxh4 Bc6 30. Rb1 Re8 31. Bxc6 dxc6 32. Kf1 Qg6 33. Rd1 Rxg2 34. Rd8 Rxd8 35. Qxd8+ Kh7 36. Qh4+ Kg8 37. Qd8+ Kh7 38. Qh4+ Kg8 39. Qd8+ 1/2-1/2


[Site "https://www.chess.com"]

[Event "Titled Tuesday Blitz December 06 Late 2022"]
[White "Baches Garcia, Guillermo"]
[Black "Ardila, Oscar Humberto"]
[WhiteFideId "2209764"]
[BlackFideId "4404742"]
[WhiteElo "2467"]
[BlackElo "1961"]
[Result "1/2-1/2"]
[Round "04"]
[TimeControl "180+1"]
[Date "2022.12.07"]
[WhiteClock "0:00:17"]
[BlackClock "0:00:33"]

1. e4 e5 2. Nf3 Nc6 3. Nc3 Nf6 4. d4 exd4 5. Nxd4 Bb4 6. Nxc6 bxc6 7. Bd3 d5 8. Bd2 O-O 9. O-O Re8 10. Nxd5 cxd5 11. Bxb4 dxe4 12. Bb5 Bd7 13. Bxd7 Qxd7 14. Qxd7 Nxd7 15. Rfd1 Nb6 16. b3 Rad8 17. c4 f5 18. g3 Kf7 19. Kf1 Ke6 20. Ke2 g5 21. Ke3 Nd7 22. Ba5 Ne5 23. Bxc7 Ng4+ 24. Ke2 Rxd1 25. Rxd1 Nxh2 26. Rh1 Re7 27. Bd8 Rd7 28. Rxh2 Rxd8 29. Rxh7 f4 30. gxf4 gxf4 31. Rxa7 Ke5 32. Re7+ Kd4 33. Rf7 f3+ 34. Kd2 Ke5+ 35. Kc2 Rh8 36. Rd7 Rh2 37. c5 Rxf2+ 38. Kc3 Rf1 39. Kd2 Kf4 40. Rf7+ Kg3 41. c6 Rh1 42. Ke3 Re1+ 43. Kd4 1/2-1/2


[Site "https://www.chess.com"]

[Event "Titled Tuesday Blitz December 06 Late 2022"]
[White "Bazeev, German"]
[Black "Ezat, Mohamed"]
[WhiteFideId "24119350"]
[BlackFideId "10600906"]
[WhiteElo "2501"]
[BlackElo "2388"]
[Result "1/2-1/2"]
[Round "04"]
[TimeControl "180+1"]
[Date "2022.12.06"]
[WhiteClock "0:00:43"]
[BlackClock "0:00:22"]

1. d4 Nf6 2. Bg5 d5 3. Nd2 Nbd7 4. e3 g6 5. Ngf3 Bg7 6. c4 O-O 7. cxd5 Nxd5 8. Bc4 N5b6 9. Bb3 c5 10. O-O h6 11. Bh4 cxd4 12. Nxd4 Nc5 13. Bc2 g5 14. Bg3 e5 15. Nf5 Bxf5 16. Bxf5 Nd5 17. Ne4 Ne7 18. Qf3 Nxf5 19. Qxf5 Nxe4 20. Qxe4 f5 21. Qc4+ Kh8 22. f3 Qb6 23. Qb3 Qxb3 24. axb3 a6 25. e4 Rac8 26. Rac1 fxe4 27. Rxc8 Rxc8 28. fxe4 Rc2 29. Rf2 Rc1+ 30. Rf1 Rc2 31. Rf2 Rc1+ 32. Rf1 Rc2 1/2-1/2


[Site "https://www.chess.com"]

[Event "Titled Tuesday Blitz December 06 Late 2022"]
[White "Bazzano, Sebastian"]
[Black "Dylag, Emilia"]
[WhiteFideId "104566"]
[BlackFideId "21805172"]
[WhiteElo "2190"]
[BlackElo "1878"]
[Result "1/2-1/2"]
[Round "04"]
[TimeControl "180+1"]
[Date "2022.12.07"]
[WhiteClock "0:00:05"]
[BlackClock "0:00:13"]

1. d4 Nf6 2. Bf4 e6 3. e3 d5 4. Nd2 Bd6 5. Bg3 O-O 6. Ngf3 c5 7. c3 Nc6 8. Ne5 Bxe5 9. dxe5 Nd7 10. Bd3 Ndxe5 11. Bxe5 Nxe5 12. Bxh7+ Kxh7 13. Qh5+ Kg8 14. Qxe5 b5 15. h4 Bb7 16. h5 Qf6 17. Nf3 Qxe5 18. Nxe5 Rfd8 19. O-O-O Rac8 20. h6 gxh6 21. Rxh6 d4 22. Rdh1 Be4 23. f3 Bg6 24. Nxg6 fxg6 25. Rxg6+ Kf7 26. Rg4 dxe3 27. Re4 Rd2 28. Rxe3 Rxg2 29. Rh7+ Kf6 30. Rh6+ Kg7 31. Rhxe6 Rh8 32. Re2 Rh1+ 33. Kd2 Rgg1 34. Re7+ Kf6 35. Rxa7 Rd1+ 36. Ke3 c4 37. Rb7 Rd3+ 38. Kf2 Rh3 39. Rxb5 Rhxf3+ 40. Ke1 Rh3 41. Rb6+ Kf5 42. Rf2+ Ke4 43. Re6+ Kd5 44. Ref6 Rh1+ 45. Rf1 Rh2 46. R6f2 Rh6 47. Rd2 Re6+ 48. Kd1 Ra6 49. Rxd3+ cxd3 50. a3 Kc4 51. Kd2 Kb3 52. Rf4 Kxb2 53. Kxd3 Kxa3 54. c4 Kb4 55. Kd4 Rd6+ 56. Ke5 Rd1 57. Kf5 Kc5 58. Kf6 Rc1 59. Kf5 Rxc4 60. Rxc4+ Kxc4 1/2-1/2


[Site "https://www.chess.com"]

[Event "Titled Tuesday Blitz December 06 Late 2022"]
[White "Bilan, Danila"]
[Black "Rendle, Thomas E"]
[WhiteFideId "24161918"]
[BlackFideId "408760"]
[WhiteElo "2530"]
[BlackElo "2682"]
[Result "0-1"]
[Round "04"]
[TimeControl "180+1"]
[Date "2022.12.07"]
[WhiteClock "0:00:06"]
[BlackClock "0:00:15"]

1. d4 f5 2. Nf3 Nf6 3. g3 g6 4. Bg2 Bg7 5. O-O O-O 6. c4 d6 7. Nc3 Nc6 8. d5 Na5 9. Nd2 c5 10. Qc2 a6 11. b3 Rb8 12. Bb2 b5 13. Rab1 g5 14. Nd1 Qe8 15. e4 f4 16. e5 Ng4 17. e6 Bxb2 18. Nxb2 Qh5 19. h3 Ne5 20. g4 Qh4 21. Qe4 Rf6 22. Nf3 Nxf3+ 23. Qxf3 Bb7 24. Qc3 b4 25. Qf3 Rxe6 26. Nd3 Qh6 27. Rbe1 Rxe1 28. Rxe1 Qf6 29. Qe4 Re8 30. Bf3 Bc8 31. Kg2 Nb7 32. Bd1 Nd8 33. Bc2 Nf7 34. f3 Nh8 35. Nf2 Ng6 36. Kh2 Rf8 37. Re2 Rf7 38. Re1 Ne5 39. Re2 Bd7 40. Kg2 Be8 41. Re1 Rg7 42. Qe2 h5 43. Ne4 Qh6 44. Rh1 Rh7 45. Qd1 Bd7 46. Nf2 Rf7 47. Be4 Kg7 48. Qa1 Rf6 49. a3 a5 50. axb4 axb4 51. Qa7 Rf7 52. Ra1 hxg4 53. hxg4 Qh4 54. Rh1 Qg3+ 55. Kf1 Nxf3 56. Rh3 Qg1+ 57. Ke2 Nd4+ 58. Kd3 Qxf2 59. Qxd7 Qf1+ 60. Kd2 Qxh3 0-1


[Site "https://www.chess.com"]

[Event "Titled Tuesday Blitz December 06 Late 2022"]
[White "Bongo Akanga Ndjila, Barthelemy"]
[Black "D`Arruda, Ricardo D."]
[WhiteFideId "10609431"]
[BlackFideId "100692"]
[WhiteElo "1768"]
[BlackElo "2461"]
[Result "0-1"]
[Round "04"]
[TimeControl "180+1"]
[Date "2022.12.07"]
[WhiteClock "0:01:15"]
[BlackClock "0:01:37"]

1. d4 Nf6 2. c4 e5 3. Nf3 exd4 4. Nxd4 Nc6 5. Nc3 Bb4 6. e3 d5 7. Nxc6 bxc6 8. Be2 O-O 9. O-O Be6 10. a3 Bxc3 11. bxc3 dxc4 12. Qc2 Qe7 13. a4 Rfd8 14. Ba3 Qe8 15. Rab1 Bd5 16. Rbd1 Qe4 17. Qxe4 Nxe4 18. Rc1 Rab8 19. f3 Nd2 20. Rfd1 Be6 21. Bc5 Nb3 22. Bxa7 Nxc1 23. Bxb8 Nxe2+ 24. Kf2 Rxd1 25. Kxe2 Ra1 26. Bxc7 Ra2+ 0-1


[Site "https://www.chess.com"]

[Event "Titled Tuesday Blitz December 06 Late 2022"]
[White "Bortnyk, Olexandr"]
[Black "Eljanov, Pavel"]
[WhiteFideId "14120828"]
[BlackFideId "14102951"]
[WhiteElo "2723"]
[BlackElo "2598"]
[Result "1-0"]
[Round "04"]
[TimeControl "180+1"]
[Date "2022.12.06"]
[WhiteClock "0:00:21"]
[BlackClock "0:00:15"]

1. e4 e5 2. Nf3 Nc6 3. Bb5 Nf6 4. Qe2 Bc5 5. c3 O-O 6. O-O d6 7. h3 Bb6 8. Bxc6 bxc6 9. d3 a5 10. Rd1 Re8 11. Nbd2 a4 12. Nc4 h6 13. Be3 Bxe3 14. Nxe3 c5 15. g4 Nh7 16. Kh2 Nf8 17. Rg1 Ng6 18. Rg3 Nf4 19. Qd2 Rb8 20. g5 h5 21. g6 fxg6 22. Ng2 Rf8 23. Nxf4 Rxf4 24. Rag1 Qd7 25. R1g2 Rf6 26. Nh4 a3 27. b3 Qf7 28. Nxg6 Be6 29. Qg5 Rxf2 30. Qxh5 Rxg2+ 31. Rxg2 1-0


[Site "https://www.chess.com"]

[Event "Titled Tuesday Blitz December 06 Late 2022"]
[White "Burke, Paul"]
[Black "Oro, Faustino"]
[WhiteFideId "2605767"]
[BlackFideId "20000197"]
[WhiteElo "1890"]
[BlackElo "1984"]
[Result "0-1"]
[Round "04"]
[TimeControl "180+1"]
[Date "2022.12.07"]
[WhiteClock "0:02:30"]
[BlackClock "0:02:46"]

1. e4 c5 2. d4 cxd4 3. c3 Nf6 4. e5 Nd5 5. Nf3 Nc6 6. Bd3 e6 7. Qe2 d6 8. cxd4 dxe5 9. dxe5 Bb4+ 10. Bd2 Nf4 0-1


[Site "https://www.chess.com"]

[Event "Titled Tuesday Blitz December 06 Late 2022"]
[White "Castellanos Gomez, Alejandro"]
[Black "Rian, Kapriaga"]
[WhiteFideId "22284141"]
[BlackFideId "7103263"]
[WhiteElo "2168"]
[BlackElo "2261"]
[Result "1-0"]
[Round "04"]
[TimeControl "180+1"]
[Date "2022.12.07"]
[WhiteClock "0:01:13"]
[BlackClock "0:00:35"]

1. d4 f5 2. c4 e6 3. Nc3 Nf6 4. Qc2 Be7 5. f3 d5 6. e3 c6 7. Bd3 O-O 8. Bd2 Bd6 9. c5 Bc7 10. Nge2 Qe7 11. O-O-O b6 12. Na4 Bb7 13. g4 g6 14. h4 Nbd7 15. h5 bxc5 16. Nxc5 Nxc5 17. dxc5 gxh5 18. gxf5 e5 19. Rdg1+ Kh8 20. Ng3 Rg8 21. e4 d4 22. Bc4 Rg7 23. Bh6 Rag8 24. Bxg7+ Qxg7 25. Bxg8 Qxg8 26. Nxh5 Qf7 27. Nxf6 Qxf6 28. Qc4 Qf8 29. Qe6 Bc8 30. Rxh7+ Kxh7 31. Qg6+ Kh8 32. Rh1+ 1-0


[Site "https://www.chess.com"]

[Event "Titled Tuesday Blitz December 06 Late 2022"]
[White "Christiansen, Johan-Sebastian"]
[Black "Bas Mas, Jose Joaquin"]
[WhiteFideId "1512668"]
[BlackFideId "22219064"]
[WhiteElo "2501"]
[BlackElo "2233"]
[Result "1-0"]
[Round "04"]
[TimeControl "180+1"]
[Date "2022.12.07"]
[WhiteClock "0:00:38"]
[BlackClock "0:00:53"]

1. e4 c5 2. Nf3 d6 3. Nc3 Nc6 4. d4 cxd4 5. Nxd4 Nf6 6. Bg5 e6 7. Qd3 Be7 8. O-O-O Bd7 9. Ndb5 O-O 10. Nxd6 Ne5 11. Qd4 Nc6 12. Qd2 h6 13. Be3 Bxd6 14. Qxd6 Qa5 15. Qc5 Qxc5 16. Bxc5 Rfc8 17. f3 b6 18. Be3 Be8 19. Ba6 Rd8 20. Rxd8 Rxd8 21. Rd1 Rxd1+ 22. Kxd1 Nb4 23. Be2 Nd7 24. a3 Nc6 25. Bd3 Nce5 26. Bb5 Kf8 27. Ke2 Nb8 28. Bxe8 Kxe8 29. Bf4 Nbc6 30. Bxe5 Nxe5 31. b3 Kd7 32. f4 Nc6 33. Kd3 g5 34. g3 Nb8 35. Nb5 a6 36. Nd4 Kd6 37. Nf3 g4 38. Ne5 f5 39. Kd4 Ke7 40. c4 a5 41. b4 axb4 42. axb4 Na6 43. Nd3 h5 44. exf5 exf5 45. Ke5 1-0


[Site "https://www.chess.com"]

[Event "Titled Tuesday Blitz December 06 Late 2022"]
[White "Curtis, John"]
[Black "Walentukiewicz, Michal"]
[WhiteFideId "3200256"]
[BlackFideId "1126903"]
[WhiteElo "2203"]
[BlackElo "2028"]
[Result "1-0"]
[Round "04"]
[TimeControl "180+1"]
[Date "2022.12.07"]
[WhiteClock "0:01:05"]
[BlackClock "0:01:23"]

1. e4 c5 2. Nf3 g6 3. Nc3 Bg7 4. d4 cxd4 5. Nxd4 Nc6 6. Be3 Nf6 7. Bc4 O-O 8. Bb3 a5 9. a3 d6 10. f3 Nxd4 11. Bxd4 Be6 12. Bxe6 fxe6 13. Qd3 Nd7 14. Bxg7 Kxg7 15. Qc4 Kf7 16. O-O-O Rc8 17. Qd4 Qb6 18. Qxb6 Nxb6 19. f4 Nc4 20. Rd3 Rc6 21. a4 Rfc8 22. b3 Ne3 23. Rxe3 Rxc3 24. Rxc3 Rxc3 25. Kd2 Rc5 26. c4 e5 27. fxe5 Rxe5 28. Ke3 Ke6 29. Rf1 Rg5 30. g3 Rh5 31. Rf2 Kd7 32. h4 g5 33. Rf5 h6 34. Kf3 e6 35. Rb5 g4+ 36. Kxg4 Rxb5 37. axb5 Ke7 38. Kh5 Kf6 39. Kxh6 Ke5 40. g4 Kxe4 41. g5 Kd3 42. g6 e5 43. g7 e4 44. g8=Q e3 45. Qd5+ Kc2 46. Qxb7 e2 47. Qe4+ Kd1 48. Qxe2+ Kxe2 49. b6 1-0


[Site "https://www.chess.com"]

[Event "Titled Tuesday Blitz December 06 Late 2022"]
[White "Danielyan, Vahe"]
[Black "Pakleza, Zbigniew"]
[WhiteFideId "13304828"]
[BlackFideId "1119290"]
[WhiteElo "2423"]
[BlackElo "2410"]
[Result "0-1"]
[Round "04"]
[TimeControl "180+1"]
[Date "2022.12.06"]
[WhiteClock "0:00:01"]
[BlackClock "0:00:05"]

1. Nf3 d5 2. b3 Nf6 3. Bb2 Bf5 4. e3 e6 5. Be2 h6 6. O-O c6 7. d4 Bd6 8. Nbd2 Nbd7 9. h3 O-O 10. c4 Re8 11. Rc1 Qe7 12. Re1 Ne4 13. Nxe4 Bxe4 14. Qd2 a6 15. c5 Bc7 16. b4 e5 17. a4 exd4 18. Qxd4 f5 19. Qd2 Qf7 20. Nd4 f4 21. Bf1 fxe3 22. Rxe3 Bf4 23. Rce1 Bxe3 24. Rxe3 Bg6 25. Rg3 Nf6 26. f3 Re7 27. Kh2 Kh8 28. b5 axb5 29. axb5 Rc8 30. b6 Ra8 31. Bd3 Bxd3 32. Qxd3 Nh5 33. Rg4 Nf6 34. Nf5 Nxg4+ 35. hxg4 Qe6 36. Qd4 Rg8 37. Qf4 Rf7 38. Bd4 Qg6 39. Qe5 Rgf8 40. Nh4 Qf6 41. Qh5 Qxd4 42. Ng6+ Kg8 43. Nxf8 Rxf8 0-1


[Site "https://www.chess.com"]